 Dungeon Crawl Stone Soup version 0.23.0-3-gf3c87f2 (webtiles) character file.

Game seed: 18370904451522941073

3525 Scud the Zephyrmancer (level 9, -2/40 HPs)
             Began as a Spriggan Air Elementalist on Feb 24, 2019.
             Slain by an orc warrior
             ... wielding a +0 battleaxe
              (26 damage)
             ... on level 8 of the Dungeon.
             The game lasted 00:47:36 (8569 turns).

Scud the Zephyrmancer (Spriggan Air Elementalist)   Turns: 8569, Time: 00:47:37

Health: -2/40      AC:  3    Str:  4    XL:     9   Next: 82%
Magic:  26/32      EV: 19    Int: 19    God:
Gold:   113        SH:  0    Dex: 17    Spells: 16/26 levels left

rFire    . . .     SeeInvis +   (weapon restricted)
rCold    . . .     Gourm    .   (shield restricted)
rNeg     . . .     Faith    .   a - +1 robe
rPois    .         Spirit   .   (helmet restricted)
rElec    .         Reflect  .   j - scarf {repulsion}
rCorr    .         Harm     .   (gloves unavailable)
MR       ++...                  (boots unavailable)
Stlth    +++.......             m - amulet of magic regeneration
HPRegen  0.13/turn              E - ring of protection from magic
MPRegen  0.48/turn              C - ring of magical power

@: repel missiles, very quick
A: very small, unfitting armour, see invisible, herbivore, speed 3, slow
metabolism 2
a: no special abilities


You were on level 8 of the Dungeon.
You were not hungry.

You visited 1 branch of the dungeon, and saw 8 of its levels.

You collected 393 gold pieces.
You spent 280 gold pieces at shops.

Inventory:

Armour
 a - a +1 robe (worn)
 j - a scarf of repulsion (worn)
Jewellery
 h - an uncursed ring of positive energy
 m - an amulet of magic regeneration (around neck)
 v - an uncursed amulet of rage
 y - an uncursed ring of stealth
 B - an uncursed ring of poison resistance
 C - a ring of magical power (right hand)
 E - a ring of protection from magic (left hand)
Wands
 u - a wand of random effects (17)
 D - a wand of polymorph (10)
 F - a wand of iceblast (9)
 G - a wand of disintegration (10)
 H - a wand of paralysis (8)
Scrolls
 d - 5 scrolls of teleportation
 e - a scroll of fog {unknown}
 f - 3 scrolls of amnesia {unknown}
 g - 4 scrolls of remove curse
 l - 4 scrolls of identify {unknown}
 n - a scroll of fear {unknown}
 q - a scroll of noise {unknown}
 w - a scroll of enchant armour
 A - 3 scrolls of random uselessness {unknown}
Potions
 b - 3 potions of flight
 i - 2 potions of mutation {unknown}
 k - 6 potions of might
 o - a potion of curing {unknown}
 p - 2 potions of invisibility {unknown}
 r - 3 potions of magic
 s - a potion of lignification
 t - a potion of berserk rage {unknown}
 x - a potion of haste {unknown}
 z - a potion of degeneration {unknown}
Comestibles
 c - 8 rations


   Skills:
 + Level 0.5 Fighting
 + Level 3.8 Dodging
 + Level 3.4 Stealth
 + Level 9.1 Spellcasting
 * Level 5.0 Conjurations
 * Level 9.2 Air Magic
 + Level 1.9 Evocations


You had 16 spell levels left.
You knew the following spells:

 Your Spells              Type           Power        Failure   Level  Hunger
a - Shock                 Conj/Air       ####         1%          1    None
b - Airstrike             Air            #####.....   1%          4    ###....
c - Lightning Bolt        Conj/Air       #####.....   12%         5    #####..

Your spell library contained the following spells:

 Spells                   Type           Power        Failure   Level  Hunger
 Swiftness                Chrm/Air       ####....     1%          2    None
 Static Discharge         Conj/Air       #####...     1%          3    None
 Animate Skeleton         Necr           N/A          9%          1    None
 Apportation              Tloc           #.....       9%          1    None
 Confusing Touch          Hex            #.....       9%          1    None
 Summon Small Mammal      Summ           #...         9%          1    None


Dungeon Overview and Level Annotations

Branches:
Dungeon (7/15)             Temple (0/1) D:7

Altars:
Dithmenos
Hepliaklqana
Makhleb
Uskayaw
Zin

Shops:
D:6 !=:((


Innate Abilities, Weirdness & Mutations

You are very small and have problems with some larger weapons.
You are too small for most types of armour.
You have supernaturally acute eyesight. (SInv)
You are a herbivore.
You cover ground extremely quickly.
You need to consume almost no food.


Message History

Aim: an orc warrior, wielding a +0 battleaxe and wearing a +0 chain mail (severely wounded)
The zap misses the orc warrior.
Casting: Shock (safe; 1% risk of failure)
Confirm with . or Enter, or press ? or * to list all spells.
Aiming: Shock (safe; 1% risk of failure)
Press: ? - help, Shift-Dir - straight line, f/p - orc warrior
Aim: an orc warrior, wielding a +0 battleaxe and wearing a +0 chain mail (severely wounded)
The zap hits the orc warrior.
The orc warrior is severely wounded.
The orc warrior hits you with a +0 battleaxe.
Casting: Shock (safe; 1% risk of failure)
Confirm with . or Enter, or press ? or * to list all spells.
Aiming: Shock (safe; 1% risk of failure)
Press: ? - help, Shift-Dir - straight line, f/p - orc warrior
Aim: an orc warrior, wielding a +0 battleaxe and wearing a +0 chain mail (severely wounded)
The zap hits the orc warrior.
The orc warrior is almost dead.
The orc warrior hits you with a +0 battleaxe!!
Ouch! That really hurt!
You die...

#.# #.# #.#
##.###########
#............#
###............#
#..............#
####........o....###
#F....).)....@.....###
.)..o###................#
...[. ##...............##
..... #...........#....#
..... ##..........###.##
o.... ##.........# ###
o.... ###......## .F...
#####...###### ###...#..#


You could see an orc warrior.

Vanquished Creatures
  2 hippogriffs (D:7)
  Sigmund (D:6)
  A hungry ghost (D:7)
  A water moccasin (D:5)
  2 sky beasts
  A hornet zombie (D:7)
  An orc warrior (D:7)
  3 phantoms
  5 ogres
  A centaur (D:6)
  A big kobold (D:7)
  4 bullfrogs
  2 scorpions
  4 killer bees
  2 howler monkeys
  2 crimson imps
  2 bullfrog zombies
  2 hounds
  3 orc wizards
  4 jellies
  3 orc priests
  5 worker ants
  A hound zombie (D:7)
  5 hound skeletons
  8 gnolls
  9 adders
  A shadow imp (D:7)
  An adder zombie (D:7)
  8 worms
  A dart slug (D:1)
  7 leopard geckos
  8 orcs
  4 ball pythons
  5 bats
  10 giant cockroaches
  5 hobgoblins
  13 jackals
  3 quokkas
  7 frilled lizards
  6 goblins
  11 kobolds
  5 rats
170 creatures vanquished.

Vanquished Creatures (others)
  3 fungi (D:8)
3 creatures vanquished.

Grand Total: 173 creatures vanquished

Notes
Turn   | Place    | Note
-------+----------+-------------------------------------------
     0 | D:1      | Scud the Spriggan Air Elementalist began the quest for the
                  | Orb.
     0 | D:1      | Reached XP level 1. HP: 9/9 MP: 5/5
   467 | D:1      | Reached XP level 2. HP: 13/13 MP: 1/7
  1050 | D:1      | Reached XP level 3. HP: 16/16 MP: 2/8
  1170 | D:1      | Reached skill level 1 in Conjurations
  1846 | D:2      | Reached XP level 4. HP: 12/21 MP: 1/10
  1923 | D:2      | Learned a level 4 spell: Airstrike
  2680 | D:3      | Noticed a phantom
  2697 | D:3      | Killed a phantom
  2697 | D:3      | Reached skill level 1 in Evocations
  2697 | D:3      | Reached XP level 5. HP: 24/24 MP: 4/12
  2775 | D:3      | Learned a level 5 spell: Lightning Bolt
  3500 | D:3      | Reached XP level 6. HP: 28/28 MP: 4/14
  4129 | D:4      | Reached skill level 5 in Spellcasting
  4394 | D:4      | Found a burning altar of Makhleb.
  4455 | D:5      | Entered Level 5 of the Dungeon
  4465 | D:5      | Found a shadowy altar of Dithmenos.
  4555 | D:5      | Reached XP level 7. HP: 27/32 MP: 4/15
  4880 | D:5      | Reached skill level 5 in Air Magic
  5475 | D:5      | HP: 2/48 [poisoned by a water moccasin]
  5491 | D:5      | Reached XP level 8. HP: 12/37 MP: 0/18
  5998 | D:6      | Found Lozepun's Jewellery Boutique.
  5998 | D:6      | Noticed Sigmund
  6277 | D:6      | Killed Sigmund
  6329 | D:6      | Found Pakkazxu's Distillery.
  6743 | D:6      | Bought an uncursed ring of magical power for 280 gold
                  | pieces
  6872 | D:6      | Found Nutu's Antique Weapon Boutique.
  6907 | D:6      | Found Cukh's Weapon Shoppe.
  7009 | D:6      | Found Amiutret's Book Shoppe.
  7579 | D:7      | Reached XP level 9. HP: 27/40 MP: 13/21
  8084 | D:7      | Found a hazy altar of Hepliaklqana.
  8092 | D:7      | Found a glowing silver altar of Zin.
  8132 | D:7      | Noticed a +0 dagger
  8133 | D:7      | Found a hide-covered altar of Uskayaw.
  8134 | D:7      | Noticed a +0 dagger
  8403 | D:7      | Found a staircase to the Ecumenical Temple.
  8436 | D:7      | You fall through a shaft!
  8443 | D:8      | Reached skill level 5 in Conjurations
  8569 | D:8      | Slain by an orc warrior

Skill      XL: |  1  2  3  4  5  6  7  8  9 |
---------------+----------------------------+-----
Spellcasting   | 3 4 5 6 7 9 |  9.1
Air Magic      | 3 4 5 7 9 |  9.2
Conjurations   | 1 2 3 4 5 |  5.0
Evocations     | 1 |  1.9
Fighting       | |  0.5
Dodging        | |  3.8
Stealth        | |  3.4

Action                   |  1- 3 |  4- 6 |  7- 9 || total
-------------------------+-------+-------+-------++-------
Melee: Unarmed           |    14 |       |       ||    14
 Cast: Shock             |    99 |   182 |   161 ||   442
       Airstrike         |       |     3 |    75 ||    78
       Lightning Bolt    |       |       |     8 ||     8
Evoke: Wand              |     5 |    27 |    11 ||    43
  Use: Scroll            |       |     3 |       ||     3
       Potion            |       |       |     5 ||     5
  Eat: Ration            |       |     1 |     9 ||    10
Armor: Robe              |     7 |     1 |     7 ||    15
       Skin              |       |       |     4 ||     4
Dodge: Dodged            |    53 |    26 |    73 ||   152
       Deflected         |       |       |     2 ||     2
